 Dungeon Crawl Stone Soup version 0.24-a0-778-g74da537585 (webtiles) character file.

Game seed: 3405000182217304089, levelgen mode: deterministic

2304 Gynju the Thaumaturge (level 9, 0/45 HPs)
             Began as a Deep Elf Fire Elementalist on Oct 7, 2019.
             Slain by a killer bee (1 damage)
             ... on level 7 of the Dungeon.
             The game lasted 00:15:42 (9653 turns).

Gynju the Thaumaturge (Deep Elf Fire Elementalist)  Turns: 9653, Time: 00:15:43

Health: 0/45       AC: 11    Str:  5    XL:     9   Next: 18%
Magic:  1/23       EV: 16    Int: 24    God:
Gold:   309        SH:  0    Dex: 15    Spells: 10/25 levels left

rFire    + + .     SeeInvis .   E - +1 trident (venom)
rCold    x . .     Gourm    .   (no shield)
rNeg     . . .     Faith    .   B - +1 leather armour {rF+}
rPois    .         Spirit   .   (no helmet)
rElec    .         Reflect  .   l - +2 cloak
rCorr    +         Harm     .   f - +2 pair of gloves
MR       .....                  A - +0 pair of boots
Stlth    ++........             (no amulet)
HPRegen  0.15/turn              s - ring of resist corrosion
MPRegen  0.18/turn              n - ring of fire

@: lethally poisoned (0 -> -9)
A: no striking features
a: no special abilities


You were on level 7 of the Dungeon.
You were near starving.

You visited 2 branches of the dungeon, and saw 9 of its levels.

You collected 309 gold pieces.

Inventory:

Hand Weapons
 j - a +2 hand axe of freezing
 E - a +1 trident of venom (weapon)
Missiles
 i - 23 poisoned darts (quivered)
Armour
 f - a +2 pair of gloves (worn)
 l - a +2 cloak (worn)
 A - a +0 pair of boots (worn)
 B - a +1 leather armour of fire resistance (worn)
 F - the +4 leather armour of Noughts and Crosses {Str+3}
   (You found it on level 7 of the Dungeon)

   It affects your strength (+3).
Jewellery
 n - a ring of fire (right hand)
 s - a ring of resist corrosion (left hand)
 y - an uncursed ring of ice
Wands
 a - a wand of disintegration (9)
Scrolls
 b - 4 scrolls of remove curse {@r2}
 d - 2 scrolls of blinking
 g - 3 scrolls of teleportation
 x - a scroll of enchant weapon
 z - 2 scrolls of enchant armour
 D - 2 scrolls of magic mapping
Potions
 e - 3 potions of brilliance
 h - a potion of mutation {unknown}
 k - a potion of resistance {unknown}
 m - 2 potions of agility
 o - 2 potions of flight
 q - 2 potions of heal wounds
 r - 3 potions of magic
 u - a potion of degeneration {unknown}
 v - 4 potions of curing {@q1}
 w - a potion of haste {unknown}
Comestibles
 c - 12 rations


   Skills:
 + Level 7.7 Dodging
 - Level 2.4 Stealth
 + Level 8.5 Spellcasting
 + Level 6.6 Conjurations
 + Level 1.2 Hexes
 + Level 7.4 Fire Magic


You had 10 spell levels left.
You knew the following spells:

 Your Spells              Type           Power        Failure   Level  Hunger
a - Throw Flame           Conj/Fire      ######       1%          2    None
b - Dazzling Spray        Conj/Hex       ####..       6%          3    None
c - Conjure Flame         Conj/Fire      ######..     1%          3    None
d - Sticky Flame          Conj/Fire      ######..     5%          4    ##.....
e - Confuse               Hex            ###.....     19%         3    None

Your spell library contained the following spells:

 Spells                   Type           Power        Failure   Level  Hunger
 Flame Tongue             Conj/Fire      #####        1%          1    None
 Inner Flame              Hex/Fire       #####...     4%          3    None
 Corona                   Hex            ###....      6%          1    None
 Ensorcelled Hibernation  Hex/Ice        ##....       12%         2    None
 Fireball                 Conj/Fire      ######....   16%         5    ####...
 Tukima's Dance           Hex            ###.....     19%         3    None


Dungeon Overview and Level Annotations

Branches:
Dungeon (8/15)             Temple (1/1) D:6
   Lair: D:8-11

Altars:
Ashenzari
Cheibriados
Dithmenos
Elyvilon
Fedhas
Kikubaaqudgha
Makhleb
Okawaru
Qazlal
Ru
Sif Muna
Trog
Uskayaw
Wu Jian
Xom
Yredelemnul
The Shining One

Shops:
D:5 ?

Annotations:
D:1 exclusion: downstairs


Message History

The killer bee poisons you!
Casting: Throw Flame (safe; 1% risk of failure)
Confirm with . or Enter, or press ? or * to list all spells.
Aiming: Throw Flame (safe; 1% risk of failure)
Press: ? - help, Shift-Dir - straight line, f/p - killer bee
Aim: a killer bee (moderately wounded)
You feel a surge of power!
The puff of flame misses the killer bee.
* * * LOW HITPOINT WARNING * * *
You feel sick. The killer bee barely misses you. x2
Casting: Throw Flame (safe; 1% risk of failure)
Confirm with . or Enter, or press ? or * to list all spells.
Aiming: Throw Flame (safe; 1% risk of failure)
Press: ? - help, Shift-Dir - straight line, f/p - killer bee
Aim: a killer bee (moderately wounded)
You feel a surge of power!
The puff of flame hits the killer bee!
The killer bee is almost dead.
* * * LOW HITPOINT WARNING * * *
You feel sick. The killer bee stings you.
You die...

.#'#...# #....................
.#.....# #....................
.......# #.....<..............
##.....# #....................
###'##########..########..##..###
#.#.####..#..#..##..####..##..###
#....#...........................
.[...#.........††................
#....'..........@................
#...###...##...y##'#####......##.
#...###...##....##....#########..
.)...............#.....# #..
..........########.....# ###
..........##....##.....#
.................#.....#
....###...##.....#.....#
....###...##.....+.....#


You could see a killer bee.

Vanquished Creatures
  Sigmund (D:2)
  An orc warrior (D:6)
  A sky beast (D:5)
  An ice beast (D:5)
  An ogre (D:4)
  A phantom (D:5)
  A bullfrog (D:7)
  3 scorpions
  10 killer bees
  A howler monkey (D:7)
  A bullfrog zombie (D:5)
  A centaur zombie (D:6)
  A hound (D:7)
  3 jellies
  5 orc priests
  7 orc wizards
  Crazy Yiuf (D:2)
  A bullfrog skeleton (D:4)
  3 iguanas
  6 worker ants
  A hound skeleton (D:5)
  3 adders
  2 shadow imps
  2 oozes
  2 adder skeletons
  5 dart slugs
  2 worms
  3 leopard geckos
  30 orcs
  9 giant cockroaches
  10 goblins
  5 hobgoblins
  14 jackals
  7 kobolds
  2 quokkas (D:2)
  6 bats
  6 frilled lizards
  A giant cockroach zombie (D:6)
  A jackal skeleton (D:5)
  A quokka zombie (D:5)
  12 rats
174 creatures vanquished.

Notes
Turn   | Place    | Note
-------+----------+-------------------------------------------
     0 | D:1      | Gynju the Deep Elf Fire Elementalist began the quest for
                  | the Orb.
     0 | D:1      | Reached XP level 1. HP: 10/10 MP: 6/6
   228 | D:1      | Reached XP level 2. HP: 15/15 MP: 5/8
   635 | D:1      | Reached XP level 3. HP: 19/19 MP: 8/10
  1132 | D:2      | Noticed Sigmund
  1297 | D:2      | Reached skill level 4 in Spellcasting
  1297 | D:2      | Reached XP level 4. HP: 12/24 MP: 3/12
  1301 | D:2      | Learned a level 2 spell: Throw Flame
  1305 | D:2      | Learned a level 3 spell: Conjure Flame
  1526 | D:2      | Learned a level 4 spell: Sticky Flame
  1857 | D:2      | Reached XP level 5. HP: 11/28 MP: 4/13
  2212 | D:2      | Killed Sigmund
  2212 | D:2      | Reached skill level 5 in Spellcasting
  2212 | D:2      | Reached XP level 6. HP: 22/32 MP: 10/15
  2522 | D:2      | Found a runed translucent door.
  2523 | D:2      | Noticed Crazy Yiuf
  2793 | D:2      | Killed Crazy Yiuf
  3209 | D:3      | Found a hide-covered altar of Uskayaw.
  3621 | D:3      | Reached skill level 5 in Fire Magic
  4152 | D:4      | Found a shimmering blue altar of Sif Muna.
  4376 | D:4      | Reached skill level 5 in Dodging
  4438 | D:4      | Reached XP level 7. HP: 36/36 MP: 9/17
  4833 | D:5      | Entered Level 5 of the Dungeon
  4954 | D:5      | Reached skill level 6 in Spellcasting
  5022 | D:5      | Found a snail-covered altar of Cheibriados.
  5696 | D:5      | Reached skill level 5 in Conjurations
  5936 | D:5      | Reached XP level 8. HP: 30/41 MP: 16/20
  6050 | D:5      | Reached skill level 7 in Spellcasting
  6191 | D:5      | Found Quomac's Magic Scroll Emporium.
  7653 | D:6      | Reached skill level 8 in Spellcasting
  7862 | D:6      | Found a shimmering altar of Xom.
  8036 | D:6      | Found a staircase to the Ecumenical Temple.
  8049 | Temple   | Entered the Ecumenical Temple
  8564 | D:6      | Found a stormy altar of Qazlal.
  8849 | D:7      | Reached XP level 9. HP: 44/45 MP: 14/23
  9032 | D:7      | Found a basalt altar of Yredelemnul.
  9036 | D:7      | Found a white marble altar of Elyvilon.
  9347 | D:7      | Got a jewelled leather armour
  9348 | D:7      | Identified the +4 leather armour of Noughts and Crosses
                  | {Str+3} (You found it on level 7 of the Dungeon)
  9491 | D:7      | Learned a level 3 spell: Dazzling Spray
  9495 | D:7      | Learned a level 3 spell: Confuse
  9614 | D:8      | Noticed a queen bee
  9617 | D:7      | Reached skill level 1 in Hexes
  9652 | D:7      | HP: 2/45 [poisoned by a killer bee]
  9653 | D:7      | Slain by a killer bee

Levels and vault maps discovered:
D:1:      wheals_arrival_linesprint, layout_basic
D:2:      layout_basic, uniq_crazy_yiuf_cottage, uniq_sigmund
D:3:      layout_basic, eat_drink_and_be_merry_uskayaw
D:4:      layout_basic, old_standard_altar, first_ration, solitary_fountain,
          minmay_crossroads
D:5:      layout_gridville, kennysheep_slug_shrine, serial_shops, shop
D:6:      layout_loops_ring, marbit_many_paths, minmay_temple_entry_nine_rooms,
          basic_altar, nicolae_ossuary_entry_plus
D:7:      layout_gridville, kennysheep_mini, elyvilon_altar_1
D:8:      layout_basic, overflow_temple_1_default, grunt_gozag_statues,
          lemuel_crystal_altar, erik_lair_orcish_takeover, david_nohive_1,
          chequers_serial_rivers_large_a, minmay_misc_feat_room, uniq_erica
Temple:   minmay_temple_bridge_abc

Skill      XL: |  1  2  3  4  5  6  7  8  9 |
---------------+----------------------------+-----
Dodging        | 3 4 5 6 7 |  7.7
Conjurations   | 2 3 4 5 6 |  6.6
Spellcasting   | 4 5 6 8 |  8.5
Fire Magic     | 4 5 6 7 |  7.4
Hexes          | 1 |  1.2
Stealth        | |  2.4

Action                   |  1- 3 |  4- 6 |  7- 9 || total
-------------------------+-------+-------+-------++-------
Melee: Unarmed           |     2 |       |       ||     2
       Hand axe          |     1 |     1 |       ||     2
       Trident           |       |       |     1 ||     1
Throw: Dart              |       |     1 |     1 ||     2
 Cast: Flame Tongue      |    68 |   126 |   226 ||   420
       Conjure Flame     |       |     3 |     1 ||     4
       Throw Flame       |       |       |    24 ||    24
  Use: Scroll            |       |     7 |     9 ||    16
 Stab: Distracted        |       |       |     1 ||     1
  Eat: Chunk             |     1 |     9 |    11 ||    21
       Ration            |       |       |     1 ||     1
Armor: Robe              |     9 |    15 |     5 ||    29
       Leather armour    |       |       |    35 ||    35
Dodge: Dodged            |    21 |    37 |   176 ||   234

Table legend:
 A = Non-vault XP
 B = Vault XP
 C = Vault XP percentage of total XP
 D = Non-vault monster count
 E = Vault monster count
 F = Vault count percentage of total count
                 A         B        C        D         E       F
            +---------+---------+-------+---------+---------+-------
      Total |    2651 |     641 |  19.5 |     163 |      11 |   6.3
            +---------+---------+-------+---------+---------+-------
        D:1 |      69 |       0 |   0.0 |      35 |       0 |   0.0
        D:2 |     209 |     251 |  54.6 |      34 |       2 |   5.6
        D:3 |      94 |       0 |   0.0 |      20 |       0 |   0.0
        D:4 |     212 |      40 |  15.9 |       7 |       2 |  22.2
        D:5 |     874 |       4 |   0.5 |      28 |       1 |   3.4
        D:6 |     839 |      43 |   4.9 |      28 |       1 |   3.4
        D:7 |     343 |     303 |  46.9 |      10 |       5 |  33.3
        D:8 |      11 |       0 |   0.0 |       1 |       0 |   0.0
            +---------+---------+-------+---------+---------+-------
